 Dungeon Crawl Stone Soup version 0.29-a0-334-gb41bcbb86e (webtiles) character file.

Game seed: 5376539997801659434

10575 jlumianski the Cleaver (level 11, 0/86 HPs)
             Began as a Demonspawn Fighter on Apr 14, 2022.
             Slain by an orc warrior
             ... wielding a +0 halberd
              (2 damage)
             ... on level 10 of the Dungeon on Apr 15, 2022.
             The game lasted 00:38:11 (9558 turns).

jlumianski the Cleaver (Demonspawn Fighter)         Turns: 9558, Time: 00:38:15

Health: 0/86       AC: 17    Str: 27    XL:     11   Next: 38%
Magic:  11/11      EV:  9    Int: 10    God:
Gold:   1852       SH:  9    Dex: 12    Spells: 10/10 levels left

rFire   . . .      SeeInvis +   a - +1 war axe (venom)
rCold   . . .      Faith    .   N - +0 kite shield
rNeg    . . .      Spirit   .   K - +0 plate armour {rPois}
rPois   +          Reflect  .   (no helmet)
rElec   .          Harm     .   (no cloak)
rCorr   .          Rampage  .   L - +0 pair of gloves
Will    .....                   h - +2 pair of boots
Stlth   ..........              p - amulet of regeneration
HPRegen 1.04/turn               x - +6 ring of strength
MPRegen 0.12/turn               O - ring of see invisible

@: marked, slowed, very slow
A: claws 2, spiny 2, sturdy frame 2
a: no special abilities


You were on level 10 of the Dungeon.
You visited 2 branches of the dungeon, and saw 11 of its levels.
You also visited: Bailey.

You collected 1852 gold pieces.

Inventory:

Hand Weapons
 a - a +1 war axe of venom (weapon)
 d - a +2 flail of freezing
 C - a +1 hunting sling of flaming
 D - a +5 dagger of protection
 J - a +2 hand crossbow of freezing
Missiles
 e - 284 stones
 i - 2 atropa-tipped darts
 y - 45 poisoned darts
 F - 15 boomerangs (quivered)
 G - 8 datura-tipped darts
 H - 7 curare-tipped darts
Armour
 b - a +0 scale mail
 c - a +0 buckler
 h - a +2 pair of boots (worn)
 n - a +0 chain mail
 s - the +1 ring mail "Qacog" {rN+}
   (You found it on level 3 of the Dungeon)

   rN:        It protects you from negative energy.
 t - a +0 chain mail
 I - a +0 plate armour
 K - a +0 plate armour of poison resistance (worn)
 L - a +0 pair of gloves (worn)
 N - a +0 kite shield (worn)
 R - a +1 ring mail of fire resistance
 S - the +4 scale mail of Agoraphobia {rC+ rN++}
   (You took it off a wight on level 9 of the Dungeon)

   rC:        It protects you from cold.
   rN:        It greatly protects you from negative energy.
Magical Staves
 k - a staff of death
 q - a staff of conjuration
Jewellery
 p - an amulet of regeneration (around neck)
 w - an amulet of reflection
 x - a +6 ring of strength (left hand)
 O - a ring of see invisible (right hand)
Wands
 l - a wand of flame (23)
 z - a wand of acid (2)
 E - a wand of polymorph (17)
 P - a wand of paralysis (6)
Scrolls
 f - 2 scrolls of summoning
 g - 4 scrolls of teleportation
 u - 2 scrolls of blinking
 v - a scroll of immolation
 A - 3 scrolls of identify
 B - a scroll of magic mapping
 M - a scroll of amnesia
Potions
 j - a potion of resistance
 m - 2 potions of haste
 o - a potion of degeneration
 r - a potion of curing
 Q - a potion of flight
 T - a potion of might


   Skills:
 + Level 8.0 Fighting
 + Level 10.7 Axes
 + Level 0.7 Throwing
 + Level 6.9 Armour
 + Level 4.9 Dodging
 - Level 2.6 Stealth
 + Level 5.9 Shields
 * Level 4.3 Evocations


You had 10 spell levels left.
You didn't know any spells.
Your spell library contained the following spells:

 Spells                   Type           Power      Damage    Failure   Level
 Corpse Rot               Necr/Air       0%         N/A       100%        2
 Ensorcelled Hibernation  Hex/Ice        0%         N/A       100%        2
 Ozocubu's Armour         Ice            0%         N/A       100%        3
 Spider Form              Tmut/Pois      0%         N/A       100%        3
 Airstrike                Air            0%         N/A       100%        4
 Anguish                  Hex/Necr       0%         N/A       100%        4
 Dispel Undead            Necr           0%         3d6       100%        4
 Summon Lightning Spire   Summ/Air       0%         N/A       100%        4
 Lightning Bolt           Conj/Air       0%         1d11      100%        5
 Metabolic Englaciation   Hex/Ice        0%         N/A       100%        5
 Death Channel            Necr           0%         N/A       100%        6
 Simulacrum               Ice/Necr       0%         N/A       100%        6


Dungeon Overview and Level Annotations

Branches:
Dungeon (10/15)            Temple (1/1) D:7          Bailey (visited)
   Lair: D:8-11         Orc: D:9-12

Altars:
Ashenzari
Cheibriados
Dithmenos
Elyvilon
Fedhas
Gozag
Hepliaklqana
Kikubaaqudgha
Makhleb
Nemelex Xobeh
Okawaru
Ru
Sif Muna
Trog
Uskayaw
Vehumet
Wu Jian
Xom
Yredelemnul
Zin
The Shining One
Beogh

Shops:
D:4 (   D:7 (   D:9 [

Annotations:
D:6 3 runed translucent doors, storma199's ghost, novice DgSu


Innate Abilities, Weirdness & Mutations

You have very sharp fingernails.
You are mostly covered in sharp spines.
Your movements are less encumbered by armour. (ER -4)


Message History

You kill the unseen horror!
The wraith is struck by your spines. The wraith hits you.
The wraith drains your vigour!
You feel yourself slow down.
Your Fighting skill increases to level 8!
You barely miss the wraith.
The wraith is severely damaged.
You hit the orc but do no damage.
An orc comes into view. It is wielding a +0 war axe.
The wraith hits you but does no damage.
The orc warrior hits you from afar with a +0 halberd!
The orc is struck by your spines. The orc hits you with a +0 flail.
An ogre comes into view. It is wielding a +0 giant club.
You block the orc warrior's attack.
The orc wizard hits you but does no damage.
The wraith hits you but does no damage.
The orc moves out of view.
You barely miss the orc.
The orc is moderately wounded.
You slice the orc wizard!!
You kill the orc wizard!
You hit the wraith but do no damage. You block the orc's attack.
The wraith is struck by your spines.
You destroy the wraith!
You block the orc warrior's attack. You block the orc's attack.
The troll bites you! The troll claws you! The troll claws you.
The orc warrior hits you from afar with a +0 halberd!
You slash the orc!
You kill the orc!
You barely miss the ogre. You hit the troll.
The troll is poisoned.
You block the troll's attack. The troll barely misses you. The troll claws you.
The ogre hits you with a +0 giant club!!
* * * LOW HITPOINT WARNING * * *
The orc warrior hits you but does no damage.
The troll attacks as you move away! The troll barely misses you. x2
The troll claws you!
* * * LOW HITPOINT WARNING * * *
A hobgoblin comes into view. x2
The troll is struck by your spines. The troll barely misses you.
The troll claws you but does no damage. You block the troll's attack.
The orc warrior hits you from afar with a +0 halberd.
You die...

.# .. .##. . .# #.
. #. ##
...#.#.##.##.#
..#.#...#.#
.g..#$..# #)o#..##
#.#)OT#..#
#goo.@.###
###..#...#
#.##.#.# ... ##..#
#### #..#######
######.###...#####
#.
...#........#≈≈≈#
####..
..#..........###≈#
# ...#.#
#..............#≈#


You could see a troll (very poisoned), an orc warrior, an ogre, 2 orcs and 2
hobgoblins.

Vanquished Creatures
  A two-headed ogre (D:9)
  A hydra (D:9)
  Pikel (D:7)
  An ugly thing (D:9)
  An unseen horror (D:10)
  A kobold demonologist (D:9)
  A troll (D:9)
  2 dream sheep (D:9)
  A shadow (D:10)
  A wraith (D:10)
  A wyvern (D:4)
  11 yaks
  2 steam dragons (D:8)
  2 water moccasins
  Duvessa (D:7)
  7 orc warriors
  2 ice beasts
  3 sky beasts (D:7)
  A black bear (D:3)
  2 phantoms
  10 kobold brigands
  Blork the orc (D:6)
  4 bullfrogs
  2 necrophages (D:5)
  3 scorpions (D:7)
  12 wights
  Dowan (D:7)
  5 killer bees (D:9)
  2 howler monkeys
  4 hounds
  2 jellies
  5 orc priests
  2 gnoll shamans
  Jessica (D:2)
  5 iguanas
  10 orc wizards
  Natasha (thrice) (D:3)
  Terence (D:3)
  17 gnolls
  9 adders
  2 shadow imps
  A white imp (D:7)
  A worm (D:3)
  4 dart slugs
  37 orcs
  4 ball pythons
  4 bats
  9 endoplasms
  6 giant cockroaches
  6 goblins
  4 hobgoblins
  13 kobolds
  5 quokkas
  2 frilled lizards (D:3)
  8 rats
248 creatures vanquished.

Vanquished Creatures (collateral kills)
  An adder (D:3)
1 creature vanquished.

Vanquished Creatures (others)
  5 plants (D:9)
5 creatures vanquished.

Grand Total: 254 creatures vanquished

Notes
Turn   | Place    | Note
-------+----------+-------------------------------------------
     0 | D:1      | jlumianski the Demonspawn Fighter began the quest for the
                  | Orb.
     0 | D:1      | Reached XP level 1. HP: 18/18 MP: 1/1
   260 | D:1      | Gained mutation: You have sharp fingernails. [demonic
                  | ancestry]
   260 | D:1      | Reached XP level 2. HP: 18/24 MP: 2/2
   405 | D:1      | Found a faded altar of an unknown god.
   700 | D:2      | Reached skill level 2 in Axes
   962 | D:4      | Noticed a howler monkey
   962 | D:4      | Noticed a wyvern
   969 | D:3      | Gained mutation: You are partially covered in sharp spines.
                  | [demonic ancestry]
   969 | D:3      | Reached XP level 3. HP: 19/29 MP: 3/3
  1287 | D:3      | Gained mutation: You have very sharp fingernails. [demonic
                  | ancestry]
  1287 | D:3      | Reached XP level 4. HP: 13/35 MP: 4/4
  2097 | D:2      | Gained mutation: You are mostly covered in sharp spines.
                  | [demonic ancestry]
  2097 | D:2      | Reached XP level 5. HP: 41/41 MP: 5/5
  2111 | D:2      | Noticed Jessica
  2120 | D:2      | Killed Jessica
  2121 | D:2      | Reached skill level 3 in Axes
  2121 | D:2      | Reached skill level 1 in Dodging
  2558 | D:3      | Noticed Natasha
  2561 | D:3      | Killed Natasha
  2830 | D:3      | Identified the +1 ring mail "Qacog" {rN+}
  2888 | D:3      | Noticed Terence
  2899 | D:3      | Killed Terence
  3070 | D:4      | Reached XP level 6. HP: 48/48 MP: 6/6
  3143 | D:3      | Noticed Natasha
  3153 | D:3      | Killed Natasha
  3357 | D:3      | Noticed Natasha
  3361 | D:3      | Killed Natasha
  3362 | D:3      | Reached skill level 4 in Axes
  3537 | D:4      | Reached skill level 1 in Stealth
  3537 | D:4      | Reached XP level 7. HP: 54/54 MP: 7/7
  3645 | D:4      | Killed a wyvern
  3776 | D:5      | Entered Level 5 of the Dungeon
  4017 | D:4      | Found Kametoz's Weapon Emporium.
  4396 | D:5      | Reached skill level 5 in Axes
  4476 | D:5      | Reached XP level 8. HP: 52/61 MP: 8/8
  4642 | D:5      | Reached skill level 5 in Fighting
  4642 | D:5      | Reached skill level 5 in Armour
  5305 | D:6      | Reached skill level 6 in Axes
  5340 | D:7      | Found Qiurewu's Weapon Shop.
  5377 | D:6      | Found a runed translucent gate.
  5379 | D:6      | Noticed a kobold demonologist
  5379 | D:6      | Found a runed translucent gate.
  5379 | D:6      | Noticed storma199's ghost (novice DgSu)
  5380 | D:6      | Found a runed translucent gate.
  5529 | D:6      | Noticed Blork the orc
  5536 | D:6      | Killed Blork the orc
  5758 | D:7      | Found a staircase to the Ecumenical Temple.
  5769 | Temple   | Entered the Ecumenical Temple
  6010 | D:7      | Noticed Duvessa
  6010 | D:7      | Noticed Dowan
  6025 | D:7      | Killed Duvessa
  6043 | D:7      | Killed Dowan
  6044 | D:7      | Reached skill level 7 in Axes
  6044 | D:7      | Gained mutation: Your movements are slightly less
                  | encumbered by armour. (ER -2) [demonic ancestry]
  6044 | D:7      | Reached XP level 9. HP: 67/69 MP: 9/9
  6237 | D:8      | Reached skill level 8 in Axes
  6381 | D:8      | Found a flagged portal.
  6390 | Bailey   | Entered a bailey
  6598 | Bailey   | Gained mutation: Your movements are less encumbered by
                  | armour. (ER -4) [demonic ancestry]
  6598 | Bailey   | Reached XP level 10. HP: 36/77 MP: 10/10
  6600 | Bailey   | Reached skill level 5 in Shields
  6601 | Bailey   | Reached skill level 9 in Axes
  6602 | Bailey   | Found an iron altar of Okawaru.
  7050 | D:7      | Noticed Pikel
  7065 | D:7      | Killed Pikel
  7750 | D:9      | Noticed a brown ugly thing
  7763 | D:9      | Killed a brown ugly thing
  7764 | D:9      | Reached skill level 1 in Evocations
  7817 | D:9      | Reached skill level 10 in Axes
  7964 | D:9      | Noticed a two-headed ogre
  7990 | D:9      | Killed a two-headed ogre
  7991 | D:9      | Reached XP level 11. HP: 18/84 MP: 11/11
  8315 | D:9      | Identified the +4 scale mail of Agoraphobia {rC+ rN++}
  8530 | D:9      | Found Ciumy's Armour Emporium.
  8969 | D:9      | Noticed a two-headed hydra
  8981 | D:9      | Killed a three-headed hydra
  9488 | D:10     | Entered Level 10 of the Dungeon
  9558 | D:10     | HP: 1/86 [troll (8)]
  9558 | D:10     | Slain by an orc warrior

Illustrated notes

Levels and vault maps discovered:
D:1:      eino_arrival_cavern_e, layout_rooms,
          shapermc_ecumenical_altar_notcrosses
D:2:      layout_loops_cross, minmay_randomly_rotated_circles, uniq_jessica
D:3:      layout_loops_ring, chequers_serial_rivers_marsh, uniq_natasha,
          uniq_terence
D:4:      layout_basic, serial_shops, nicolae_shop_stone
D:5:      layout_cave_pods
D:6:      layout_basic, gammafunk_ghost_nasty_kobolds, uniq_blork_the_orc
D:7:      layout_loops_ring, minmay_temple_entry_slanted, serial_shops,
          nicolae_shop_bloodbath_and_beyond, uniq_pikel, uniq_duvessa
D:8:      layout_rooms, enter_bailey_8
D:9:      layout_layer_cave, serial_shops, shop, special_room
          [special_room_orc], minivault_24, hangedman_ranch
D:10:     layout_rooms, mainiacjoe_overflow_paths, erik_orc_3, serial_aquarium,
          aquarium_bridge_long_separate [aquarium_subvault_bridge,
          aquarium_subvault_bridge, aquarium_subvault_wall,
          aquarium_subvault_bridge, aquarium_subvault_bridge,
          aquarium_subvault_window], aquarium_window_1, aquarium_window_1,
          aquarium_window_fake, aquarium_view_2f, aquarium_view_2c,
          aquarium_balcony_3a, special_room [special_room_orc],
          kennysheep_decorative_pillar
Temple:   mainiacjoe_temple_archimedes_tessellation

Skill      XL: |  1  2  3  4  5  6  7  8  9 10 11 |
---------------+----------------------------------+-----
Shields        | 3 4 5 |  5.9
Axes           | 2 3 4 5 7 8 10 | 10.7
Armour         | 3 4 5 6 |  6.9
Dodging        | 1 2 3 4 |  4.9
Fighting       | 4 5 6 7 8 |  8.0
Stealth        | 1 2 |  2.6
Evocations     | 3 4 |  4.3
Throwing       | |  0.7

Action                   |  1- 3 |  4- 6 |  7- 9 | 10-12 || total
-------------------------+-------+-------+-------+-------++-------
Melee: War axe           |    51 |    99 |   201 |   205 ||   556
       Flail             |       |       |       |     3 ||     3
Throw: Boomerang         |       |       |       |     4 ||     4
Evoke: Wand              |       |       |       |     2 ||     2
  Use: Scroll            |     1 |     7 |     8 |     4 ||    20
       Potion            |       |     2 |     2 |       ||     4
 Stab: Sleeping          |       |       |     2 |       ||     2
Armor: Scale mail        |    27 |    20 |       |       ||    47
       Ring mail         |       |    20 |    62 |     2 ||    84
       Plate armour      |       |       |       |    87 ||    87
Dodge: Dodged            |    28 |    44 |   109 |    86 ||   267
Block: Buckler           |    20 |    27 |    45 |    10 ||   102
       Kite shield       |       |       |       |    94 ||    94

Table legend: (Time is in decaauts)
 A = Elapsed time spent in this place.
 B = Non-inter-level travel time spent in this place.
 C = Inter-level travel time spent in this place.
 D = Time resting spent in this place.
 E = Time spent auto-exploring this place.
 F = Levels seen in this place.
 G = Mean time per level.
                   A        B        C        D        E       F      G
               +--------+--------+--------+--------+--------+-----+--------+
         Total |   9717 |   9493 |    224 |   1094 |   5127 |  12 |  809.8 |
       Dungeon |   9215 |   8991 |    224 |   1079 |   4942 |  10 |  921.5 |
        Temple |    221 |    221 |      0 |      0 |    185 |   1 |  221.0 |
        Bailey |    280 |    280 |      0 |     15 |      0 |   1 |  280.0 |
               +--------+--------+--------+--------+--------+-----+--------+

Top non-repeatable levels by time:
     D:3: 1811 daAuts
     D:9: 1593 daAuts
     D:2: 1118 daAuts
     D:5: 937 daAuts
     D:8: 897 daAuts
     D:4: 896 daAuts
     D:7: 857 daAuts
     D:1: 526 daAuts
     D:6: 503 daAuts
  Bailey: 280 daAuts
  Temple: 221 daAuts
    D:10: 72 daAuts
